 Dungeon Crawl Stone Soup version 0.27.0-1-g7a089689b8 (webtiles) character file.

Game seed: 1894479122867247315

147 freelancePsychic the Skirmisher (level 5, -5/40 HPs)
             Began as a Djinni Artificer on Aug 14, 2021.
             Slain by an ogre (29 damage)
             ... on level 4 of the Dungeon.
             The game lasted 00:05:36 (4050 turns).

freelancePsychic the Skirmisher (Djinni Artificer)  Turns: 4050, Time: 00:05:36

Health: -5/40      AC:  6    Str: 11    XL:     5   Next: 54%
Gold:   169        EV: 11    Int: 14    God:
                   SH:  0    Dex: 13

rFire    + + .     SeeInvis .   h - +0 rapier
rCold    x . .     Faith    .   (no shield)
rNeg     . . .     Spirit   .   b - +0 leather armour
rPois    ∞         Reflect  .   f - +2 helmet
rElec    .         Harm     .   (no cloak)
rCorr    .         Rampage  .   (no gloves)
Will     .....                  (boots unavailable)
Stlth    +.........             (no amulet)
HPRegen  0.13/turn              (no ring)
MPRegen  0.00/turn              (no ring)

@: flying
A: sickness immunity, fire resistance 2, cold vulnerability 1, float, innate
caster, hp casting, extra vitality 1
a: no special abilities


You were on level 4 of the Dungeon.
You visited 1 branch of the dungeon, and saw 4 of its levels.

You collected 169 gold pieces.

Inventory:

Hand Weapons
 a - a +1 club
 h - a +0 rapier (weapon)
Armour
 b - a +0 leather armour (worn)
 f - a +2 helmet (worn)
Wands
 c - a wand of flame (2)
 d - a wand of charming (12) (quivered)
Scrolls
 i - a scroll of fog
 j - a scroll of teleportation {@r4}
 k - a scroll of enchant weapon
 m - a scroll of blinking
Potions
 g - 4 potions of curing {unknown}
 l - a potion of invisibility
Miscellaneous
 e - a piece from Xom's chessboard (15/15)


   Skills:
 + Level 3.3 Fighting
 + Level 2.2 Short Blades
 - Level 1.0 Armour
 - Level 2.1 Dodging
 - Level 0.7 Stealth
 + Level 1.3 Spellcasting
 - Level 3.0 Evocations


You had 3 spell levels left.
You knew the following spells:

 Your Spells              Type           Power      Damage    Failure   Level
a - Corona                Hex            4%         N/A       19%         1
b - Ensorcelled Hibernat  Hex/Ice        8%         N/A       28%         2
Your spell library was empty.

Dungeon Overview and Level Annotations

Branches:
Dungeon (4/15)
 Temple: D:4-7

Altars:
Xom
Zin

Shops:
D:1 (=!=   D:3 =


Innate Abilities, Weirdness & Mutations

You are immune to sickness and miasma.
You are immune to poison.
Your flesh is very heat resistant. (rF++)
You are vulnerable to cold. (rC-)
You float through the air rather than walking.
You learn spells naturally, not from books.
Your magical power is your life essence.
You have superior vitality. (+4 HP)


Message History

Press: ? - help, Shift-Dir - straight line, f/p - ogre
Aim: an ogre, wielding a +0 giant club (chance to affect: 36%)
The ogre easily resists.
Casting: Ensorcelled Hibernation (dangerous; 28% risk of failure)
Confirm with . or Enter, or press ? or * to list all spells.
Aiming: Ensorcelled Hibernation (dangerous; 28% risk of failure)
Press: ? - help, Shift-Dir - straight line, f/p - ogre
Aim: an ogre, wielding a +0 giant club (chance to affect: 36%)
The ogre looks drowsy...
The ogre shouts!
The ogre hits you with a +0 giant club!
Aiming: Charm
Press: ? - help, Q - select action, (/) - cycle Shift-Dir - straight line, f/p - ogre
Aim: an ogre, wielding a +0 giant club (chance to affect: 54%)
The ogre resists with significant effort.
The ogre hits you with a +0 giant club!
Aiming: Charm
Press: ? - help, Q - select action, (/) - cycle Shift-Dir - straight line, f/p - ogre
Aim: an ogre, wielding a +0 giant club (chance to affect: 54%)
The ogre resists with significant effort.
The ogre closely misses you.
Aiming: Charm
Press: ? - help, Q - select action, (/) - cycle Shift-Dir - straight line, f/p - ogre
Aim: an ogre, wielding a +0 giant club (chance to affect: 54%)
The ogre is charmed.
What are your orders? t - Shout!
Orders for allies: a - Attack new target. p - Attack previous target. r - Retreat! s - Stop attacking. g - Guard the area. f - Follow me.
Anything else - Cancel.
Retreat in which direction?
Press: ? - help, Dir - move target, p - ogre Fall back!
There is a stone staircase leading up here.
You start resting.
The ogre is no longer charmed.
The ogre hits you with a +0 giant club!!
Ouch! That really hurt!
You die...

#..#.#..(...
#.. #.#
##### ...
#.# ### #.#
#.# #.# ##
#.#
#...#####
#.# #....@#
#.# #..###O#
#.# ##.##
#.#
#...####.#
#........#
#...######
#####


You could see an ogre.

Vanquished Creatures
  Robin (D:3)
  3 gnolls (D:2)
  5 adders
  2 dart slugs (D:2)
  8 endoplasms
  A giant cockroach (D:1)
  10 goblins
  6 hobgoblins
  2 jackals (D:2)
  3 kobolds
  A quokka (D:2)
  6 ball pythons
  3 bats
  4 frilled lizards
  4 rats
59 creatures vanquished.

Notes
Turn   | Place    | Note
-------+----------+-------------------------------------------
     0 | D:1      | freelancePsychic the Djinni Artificer began the quest for
                  | the Orb.
     0 | D:1      | Reached XP level 1. HP: 17/17 MP: 0/0
   498 | D:1      | Found Mucelu's Jewellery Shop.
   523 | D:1      | Reached XP level 2. HP: 18/22 MP: 0/0
   764 | D:1      | Found Ungucsis's Distillery.
   771 | D:1      | Reached skill level 1 in Spellcasting
   862 | D:1      | Found Esas's Weapon Boutique.
  1090 | D:1      | Found Momoejuiwu's Jewellery Shoppe.
  1342 | D:2      | Reached XP level 3. HP: 25/28 MP: 0/0
  1342 | D:2      | Learned a level 1 spell: Corona
  1400 | D:2      | Found a faded altar of an unknown god.
  1569 | D:2      | Found a shimmering altar of Xom.
  1754 | D:2      | Reached skill level 1 in Short Blades
  1855 | D:2      | Reached XP level 4. HP: 34/34 MP: 0/0
  2746 | D:3      | Reached XP level 5. HP: 34/40 MP: 0/0
  2746 | D:3      | Learned a level 2 spell: Ensorcelled Hibernation
  2930 | D:3      | Found a glowing silver altar of Zin.
  3051 | D:3      | Found Roav's Jewellery Shop.
  3169 | D:3      | Noticed Robin
  3595 | D:3      | Killed Robin
  3996 | D:4      | Noticed an ogre
  4050 | D:4      | Slain by an ogre

Illustrated notes

Levels and vault maps discovered:
D:1:      onia_arrival_handbag, layout_rooms, serial_shops, shop,
          nicolae_lakefront_shop, shop_fountains, shop_fountains,
          serial_bayou_lagoon_b
D:2:      layout_basic, ebering_ecumenical_altar_box, basic_altar
D:3:      layout_basic, zin_scriptorium, serial_shops, nicolae_square_shop,
          uniq_robin
D:4:      layout_loops_ring, mainiacjoe_overflow_alcove_1, lemuel_tele_altar,
          lemuel_mausoleum_altar_kikubaaqudgha, fedhas_altar_1,
          minmay_temple_entry_waves, minmay_misc_feat_enclosed,
          minmay_tree_intersection, kennysheep_diamond, kennysheep_small_spiral

Skill      XL: |  1  2  3  4  5 |
---------------+----------------+-----
Spellcasting   | 1 |  1.3
Fighting       | 2 3 |  3.3
Short Blades   | 1 2 |  2.2
Armour         | |  1.0
Dodging        | |  2.1
Stealth        | |  0.7
Evocations     | |  3.0

Action                   |  1- 3 |  4- 6 || total
-------------------------+-------+-------++-------
Melee: Club              |    77 |       ||    77
       Rapier            |     6 |   108 ||   114
 Cast: Corona            |     1 |     1 ||     2
       Ensorcelled Hiber |       |     4 ||     4
Evoke: Wand              |     8 |     8 ||    16
  Use: Scroll            |     2 |     5 ||     7
 Stab: Sleeping          |     3 |     1 ||     4
Armor: Leather armour    |    27 |    28 ||    55
Dodge: Dodged            |    62 |    68 ||   130
